 Dungeon Crawl Stone Soup version 0.31.0-12-g77e489cdc1 (webtiles) character file.

Game seed: 14269128992145538138

1679 Gadfly the Covered (level 8, -1/67 HPs)
             Began as an Armataur Fighter on Feb 28, 2024.
             Slain by Menkaure (14 damage)
             ... on level 6 of the Dungeon.
             The game lasted 00:06:33 (4167 turns).

Gadfly the Covered (Armataur Fighter)               Turns: 4167, Time: 00:06:35

Health: -1/67      AC: 10    Str: 26    XL:     8   Next: 70%
Magic:  11/11      EV:  6    Int:  8    God:
Gold:   208        SH:  5    Dex: 10    Spells: 7/7 levels left

rFire   . . .        a - +2 flail (heavy)
rCold   . . .        c - +0 buckler
rNeg    . . .        e - +0 chain mail
rPois   .            (no helmet)
rElec   .            (no cloak)
rCorr   .            (no gloves)
SInv    .            (no barding)
Will    .....        i - amulet of regeneration Stlth
                     (no ring)
HPRegen 1.11/turn    (no ring)
MPRegen 0.12/turn

%: roll
@: no status effects
A: large, deformed body, tough skin 3, armoured tail, roll 2, screaming 1,
shaggy fur 1, strong 1
a: no special abilities


You were on level 6 of the Dungeon.
You visited 1 branch of the dungeon, and saw 6 of its levels.
You also visited: Ossuary.

You collected 208 gold pieces.

Inventory:

Hand Weapons
 a - a +2 heavy flail (weapon)
 d - a +0 flail
Armour
 c - a +0 buckler (worn)
 e - a +0 chain mail (worn)
Jewellery
 b - a ring of fire
 i - an amulet of regeneration (around neck)
 o - an amulet of faith
 p - a ring of ice
Wands
 l - a wand of digging (5)
Scrolls
 h - a scroll of vulnerability
 k - 4 scrolls of identify
 q - a scroll of teleportation {unknown}
Potions
 f - a potion of mutation
 g - 5 potions of curing
 j - 3 potions of heal wounds
 m - 2 potions of lignification
 n - a potion of haste


   Skills:
 + Level 4.3 Fighting
 * Level 5.0 Maces & Flails
 + Level 5.8 Armour
 + Level 5.1 Shields
 * Level 5.0 Invocations
 * Level 4.9 Evocations


You had 7 spell levels left.
You didn't know any spells.
Your spell library contained the following spells:

 Spells                   Type           Power      Damage    Failure   Level
 Slow                     Hex            0%         N/A       93%         1
 Confusing Touch          Hex            0%         N/A       100%        3
 Sigil of Binding         Hex            0%         N/A       100%        3
 Vampiric Draining        Necr           0%         2d6       100%        3
 Volatile Blastmotes      Fire/Tloc      0%         2d10      100%        3
 Fulminant Prism          Conj/Alch      0%         3d5       100%        4
 Iskenderun's Mystic Bla  Conj/Tloc      0%         2d3       100%        4


Dungeon Overview and Level Annotations

Branches:
Dungeon (6/15)            Ossuary (visited)
 Temple: D:4-7

Altars:

Shops:
D:2 :

Annotations:
D:4 2 transporters, mkat's ghost, amateur DrEE
D:6 Menkaure


Innate Abilities, Weirdness & Mutations

Armour fits poorly on your strangely shaped body.
You have extremely tough skin. (AC +3)
You have a long armoured tail.
You regenerate magic and health when rolling toward enemies. (Rampage Regen)
You occasionally shout uncontrollably at your foes.
You are covered in fur. (AC +1)
Your muscles are strong. (Str +4, Int/Dex -1)


Message History

Menkaure shouts!
A bombardier beetle comes into view.
Sigmund closely misses you.
Menkaure casts a spell.
Menkaure seems to speed up.
You hear a shout!
You roll towards Sigmund!
An orc comes into view. It is wielding a +0 mace.
You barely miss Sigmund.
The orc shouts!
Menkaure calls on the powers of darkness!
The bombardier beetle convulses!
Sigmund convulses!
The orc convulses!
Your body is wracked with pain!
Sigmund hits you with a +6 scythe of venom!
You are poisoned.
You are too injured to fight recklessly!
You are too injured to fight recklessly!
You are too injured to fight recklessly!
Unknown command.
You are too injured to fight recklessly!
You bludgeon Sigmund!!
You kill Sigmund!
You feel very sick. You block Menkaure's attack.
Your Maces & Flails skill increases to level 5!
Your Invocations skill increases to level 5!
You feel sick. Menkaure casts a spell at you. Pain shoots through your body!
* * * LOW HITPOINT WARNING * * *
Unknown command.
You feel better. Menkaure breathes soot at you.
You sock Menkaure!
Menkaure is moderately damaged.
Menkaure calls on the powers of darkness!
The bombardier beetle convulses!
Your body is wracked with pain!
* * * LOW HITPOINT WARNING * * *
The orc convulses!
Menkaure hits you!
You die...

####....# ####....##.#
##.........#
...........##
.#......^...## ##########
..^.^.^...^..###.........
(...^...^^.........#..#..
..(^..^^.^...^#.#o.......
..............#.@MB......
.....^..^.....#.#........
......^^.^.^..#.#..#..#..
#.....^..^..^.#..........
......^^...(..###########
.#..........#.#
.##^...^...##.#
.....^...###..#
########## .##


You could see Menkaure (fast), a bombardier beetle and an orc.

Vanquished Creatures
  Sigmund (D:6)
  A water moccasin (D:5)
  2 phantoms
  A centaur (D:5)
  2 elf zombies (Ossuary)
  4 scorpions
  2 centaur zombies (Ossuary)
  3 human zombies (Ossuary)
  2 bombardier beetles (D:5)
  5 hounds
  A sleepcap (D:5)
  A spectral scorpion (Ossuary)
  An orc wizard (D:5)
  2 crocodile zombies (Ossuary)
  4 spectral hounds (Ossuary)
  3 mummies (Ossuary)
  3 gnolls (D:2)
  10 adders
  A white imp (D:6)
  3 spectral adders (Ossuary)
  3 adder simulacra (Ossuary)
  5 dart slugs
  A ribbon worm (D:2)
  5 orcs
  9 ball pythons
  12 endoplasms
  6 gnoll zombies (Ossuary)
  8 hobgoblins
  7 jackals
  2 quokkas
  3 bats
  6 frilled lizards
  5 gnoll simulacra (Ossuary)
  8 goblins
  2 jackal simulacra (Ossuary)
  10 kobolds
  9 kobold zombies (Ossuary)
  An orc zombie (Ossuary)
  6 rats
  A spectral jackal (Ossuary)
161 creatures vanquished.

Notes
Turn   | Place    | Note
-------+----------+-------------------------------------------
     0 | D:1      | Gadfly the Armataur Fighter began the quest for the Orb.
     0 | D:1      | Reached XP level 1. HP: 18/18 MP: 1/1
   145 | D:1      | Reached XP level 2. HP: 16/25 MP: 2/2
   356 | D:1      | Reached skill level 1 in Invocations
   356 | D:1      | Reached skill level 1 in Evocations
   412 | D:1      | Reached XP level 3. HP: 30/30 MP: 3/3
   648 | D:1      | Gained mutation: Your muscles are strong. (Str +4, Int/Dex
                  | -1) [potion of mutation]
   648 | D:1      | Gained mutation: You occasionally shout uncontrollably at
                  | your foes. [potion of mutation]
   648 | D:1      | Gained mutation: You are covered in fur. (AC +1) [potion of
                  | mutation]
   773 | D:2      | Reached XP level 4. HP: 28/37 MP: 3/5
  1410 | D:2      | Found Qyim's Book Shop.
  1752 | D:3      | Reached XP level 5. HP: 38/45 MP: 6/6
  2213 | D:4      | Found a transporter.
  2214 | D:4      | Noticed mkat's ghost (amateur DrEE)
  2260 | D:4      | Reached XP level 6. HP: 51/51 MP: 7/7
  2336 | D:4      | Found a transporter.
  2835 | D:5      | Entered Level 5 of the Dungeon
  2859 | D:5      | Gained mutation: You regenerate magic and health when
                  | rolling toward enemies. (Rampage Regen) [Armataur growth]
  2859 | D:5      | Reached XP level 7. HP: 43/57 MP: 9/9
  2967 | D:5      | Found a sand-covered staircase.
  2975 | Ossuary  | Entered an ossuary
  3048 | Ossuary  | Reached skill level 5 in Armour
  3149 | Ossuary  | HP: 2/58 [crocodile zombie (6)]
  3230 | Ossuary  | Reached XP level 8. HP: 52/66 MP: 11/11
  4099 | D:6      | Reached skill level 5 in Shields
  4159 | D:6      | Noticed Sigmund
  4160 | D:6      | Noticed Menkaure
  4164 | D:6      | Killed Sigmund
  4165 | D:6      | Reached skill level 5 in Maces & Flails
  4165 | D:6      | Reached skill level 5 in Invocations
  4167 | D:6      | Slain by Menkaure

Illustrated notes

Levels and vault maps discovered:
D:1:      dpeg_arrival_castle, layout_rooms, serial_bayou,
          serial_bayou_lagoon_a, serial_bayou_pond_d, serial_bayou_pond_d,
          serial_bayou_pond_b, minivault_14, minivault_26,
          hangedman_decor_lopped, minmay_tetromino_o2
D:2:      layout_basic, serial_shops, shop, minmay_three_crescents
D:3:      layout_rooms, bh_walls_and_bars
D:4:      layout_basic, gammafunk_ghost_stat_death, grunt_decor_one_mirror
D:5:      layout_layer_cave, chequers_ossuary_entry_cave
D:6:      layout_rooms, mainiacjoe_overflow_brackets, temple_hall,
          grunt_ministairs_14, minmay_holes, corexii_hall_statues_u,
          uniq_menkaure, uniq_sigmund, uniq_duvessa

Skill      XL: |  1  2  3  4  5  6  7  8 |
---------------+-------------------------+-----
Maces & Flails | 2 3 4 5 |  5.0
Invocations    | 1 2 3 4 5 |  5.0
Evocations     | 1 2 3 4 |  4.9
Armour         | 4 5 |  5.8
Fighting       | 3 4 |  4.3
Shields        | 4 5 |  5.1

Action                     |  1- 3 |  4- 6 |  7- 9 || total
---------------------------+-------+-------+-------++-------
  Melee: Flail             |    94 |   173 |   228 ||   495
         Tailslap          |    10 |    17 |    50 ||    77
    Use: Scroll            |     1 |     7 |     5 ||    13
         Potion            |     1 |       |     2 ||     3
 Armour: Scale mail        |    70 |       |       ||    70
         Chain mail        |    12 |   170 |   261 ||   443
  Dodge: Dodged            |    25 |    48 |    68 ||   141
  Block: Buckler           |    16 |    40 |    65 ||   121
